 Dungeon Crawl Stone Soup version 0.22-a0-351-g29664b4 (webtiles) character file.

56 Gremour the Grave Robber (level 3, 0/26 HPs)
             Began as a Hill Orc Necromancer on Apr 13, 2018.
             Succumbed to an adder's poison
             ... on level 2 of the Dungeon.
             The game lasted 00:12:31 (1728 turns).

Gremour the Grave Robber (Hill Orc Necromancer)     Turns: 1728, Time: 00:12:32

Health: 0/26       AC:  3    Str:  7 (10) XL:     3   Next: 95%
Magic:  2/6        EV: 17    Int: 15 (16) God:
Gold:   66         SH:  0    Dex: 13 (16) Spells: 6/7 levels left

rFire    . . .     SeeInvis .   a - +0 dagger (venom)
rCold    . . .     Gourm    .   (no shield)
rNeg     . . .     Faith    .   e - +0 robe
rPois    .         Spirit   .   (no helmet)
rElec    .         Reflect  .   (no cloak)
rCorr    .         Harm     .   m - +0 pair of gloves
MR       .....                  (no boots)
Stlth    +++.......             j - amulet of rage
HPRegen  0.08/turn              (no ring)
MPRegen  0.10/turn              (no ring)

@: agile, lethally poisoned (0 -> -11), invisible
A: no striking features
a: Evoke Berserk Rage


You were on level 2 of the Dungeon.
You were hungry.

You visited 1 branch of the dungeon, and saw 2 of its levels.

You collected 66 gold pieces.

Inventory:

Hand Weapons
 a - a +0 dagger of venom (weapon)
Armour
 e - a +0 robe (worn)
 m - a +0 pair of gloves (worn)
 p - a +0 scale mail of poison resistance
Jewellery
 j - an amulet of rage (around neck)
Scrolls
 f - a scroll of random uselessness {unknown}
 g - a scroll of enchant weapon {unknown}
 i - a scroll of immolation {unknown}
 k - 2 scrolls of magic mapping {unknown}
 o - a scroll of identify {unknown}
 q - 2 scrolls of blinking {unknown}
Potions
 n - a potion of curing {unknown}
Comestibles
 c - 6 rations
 h - 4 chunks of flesh


   Skills:
 - Level 1.5 Dodging
 - Level 1.5 Stealth
 * Level 2.5 Spellcasting
 + Level 4.7 Necromancy


You had 6 spell levels left.
You knew the following spells:

 Your Spells              Type           Power        Failure   Level  Hunger
z - Pain                  Necr           ###.         3%          1    #......


Dungeon Overview and Level Annotations

Branches:
Dungeon (2/15)

Altars:
Elyvilon


Message History

You feel sick. The adder barely misses you.
You miss the adder.
The adder is almost dead.
The adder bites you. x2
* * * LOW HITPOINT WARNING * * *
You are more poisoned.
The adder poisons you!
It was a potion of agility.
You feel agile all of a sudden.
You are feeling hungry.
* * * LOW HITPOINT WARNING * * *
You feel sick. The adder misses you.
It was a potion of degeneration.
There was something very wrong with that liquid.
You feel weakened.
You feel dopey.
You feel clumsy.
* * * LOW HITPOINT WARNING * * *
You feel sick. The adder misses you.
It was a potion of invisibility.
You fade into invisibility!
You die...

.###..........
.# #.######..#
.###.###
#..#######
.......#
#........#
...###.#
#........# ...#
#.####........#
...#
#....รท........#
...#
######....S...#
....
..........$@..#
...#
#######.......#
## #.##.####
##.# #.##.# ...#
..##.# ####
###...# # .### #


You could see an adder.

Vanquished Creatures
  An adder (D:1)
  A dart slug (D:1)
  A leopard gecko (D:1)
  4 bats (D:1)
  2 giant cockroaches (D:1)
  7 goblins
  6 hobgoblins (D:1)
  2 jackals (D:1)
  2 frilled lizards
  5 kobolds (D:1)
  8 rats
39 creatures vanquished.

Vanquished Creatures (others)
  A giant cockroach (D:1)
1 creature vanquished.

Grand Total: 40 creatures vanquished

Notes
Turn   | Place    | Note
-------+----------+-------------------------------------------
     0 | D:1      | Gremour the Hill Orc Necromancer began the quest for the Orb.
     0 | D:1      | Reached XP level 1. HP: 14/14 MP: 3/3
   531 | D:1      | Reached XP level 2. HP: 18/20 MP: 2/4
  1060 | D:1      | Reached XP level 3. HP: 21/26 MP: 1/6
  1610 | D:2      | Found a white marble altar of Elyvilon.
  1727 | D:2      | HP: 1/26 [poisoned by an adder]
  1728 | D:2      | Succumbed to an adder's poison

Vault maps used:
D:1:      eino_arrival_water_cross, minmay_tetromino_t4
D:2:      elyvilon_altar_4, uniq_crazy_yiuf_cottage

Skill      XL: |  1  2 |
---------------+-------+-----
Spellcasting   | 2 |  2.5
Dodging        | |  1.5
Stealth        | |  1.5
Necromancy     | |  4.7

Action                   || total
-------------------------++-------
Melee: Dagger            ||    38
 Cast: Pain              ||    59
  Use: Potion            ||     4
  Eat: Chunk             ||     3
Armor: Robe              ||    17
Dodge: Dodged            ||    51

Table legend:
 A = Spawn XP
 B = Non-spawn XP
 C = Spawn XP percentage of total XP
 D = Spawn monster count
 E = Non-spawn monster count
 F = Spawn count percentage of total count
 G = Total turns spent on level
                    A         B        C        D         E        F      G
               +---------+---------+-------+---------+---------+-------+---------
         Total |       0 |      80 |   0.0 |       0 |      40 |   0.0 |  1728
               +---------+---------+-------+---------+---------+-------+---------
           D:1 |       0 |      72 |   0.0 |       0 |      35 |   0.0 |  1534
           D:2 |       0 |       8 |   0.0 |       0 |       5 |   0.0 |   194
               +---------+---------+-------+---------+---------+-------+---------
